 Dungeon Crawl Stone Soup version 0.25-a0-306-g3faca94 (webtiles) character file.

Game seed: 1069889504422651877, levelgen mode: deterministic

67 Birdy the Skirmisher (level 4, 0/49 HPs)
             Began as an Ogre Fighter on Dec 21, 2019.
             Slain by a bullfrog (5 damage)
             ... on level 3 of the Dungeon.
             The game lasted 00:03:58 (2465 turns).

Birdy the Skirmisher (Ogre Fighter)                 Turns: 2465, Time: 00:03:59

Health: 0/49       AC:  3    Str: 25    XL:     4   Next: 16%
Magic:  4/4        EV:  7    Int: 10    God:
Gold:   51         SH: 11    Dex:  8    Spells: 3/3 levels left

rFire    . . .     SeeInvis .   n - +2 dagger (vamp)
rCold    . . .     Gourm    .   c - +3 shield
rNeg     . . .     Faith    .   b - +0 robe
rPois    .         Spirit   .   (helmet restricted)
rElec    .         Reflect  .   (no cloak)
rCorr    .         Harm     .   (gloves unavailable)
MR       .....                  (boots unavailable)
Stlth    +.........             (no amulet)
HPRegen  0.16/turn              (no ring)
MPRegen  0.09/turn              (no ring)

@: mighty, heavily drained
A: large, unfitting armour, tough skin 1
a: no special abilities


You were on level 3 of the Dungeon.
You were hungry.

You visited 1 branch of the dungeon, and saw 3 of its levels.

You collected 51 gold pieces.

Inventory:

Hand Weapons
 k - a +0 whip
 n - a +2 vampiric dagger (weapon)
Armour
 b - a +0 robe (worn)
 c - a +3 shield (worn)
Scrolls
 a - 2 scrolls of identify
 e - a scroll of enchant weapon
 g - a scroll of amnesia
 i - a scroll of blinking
 l - 2 scrolls of remove curse
Comestibles
 f - 5 rations


   Skills:
 + Level 4.6(2.9) Fighting
 + Level 0.6(0.0) Short Blades
 - Level 2.2(0.6) Maces & Flails
 + Level 3.2(1.6) Dodging
 + Level 3.2(1.6) Shields


You had 3 spell levels left.
You didn't know any spells.
Your spell library was empty.

Dungeon Overview and Level Annotations

Branches:
Dungeon (3/15)

Altars:
The Shining One

Annotations:
D:3 Terence


Innate Abilities, Weirdness & Mutations

You are too large for most types of armour.
You have tough skin. (AC +1)


Message History

Terence is moderately wounded.
The bullfrog barely misses you. Terence barely misses you.
The bullfrog hits you!
* * * LOW HITPOINT WARNING * * *
The kobold hits you with a +0 dagger.
* * * LOW HITPOINT WARNING * * *
You feel very mighty all of a sudden. You block the bullfrog's attack.
You block Terence's attack. The kobold barely misses you.
You block the bullfrog's attack.
You feel better. The bullfrog hits you.
* * * LOW HITPOINT WARNING * * *
You block Terence's attack. The kobold misses you.
You barely miss the bullfrog. You block the bullfrog's attack.
You block the kobold's attack. Terence completely misses you.
The bullfrog hits you.
* * * LOW HITPOINT WARNING * * *
You hit the bullfrog.
The bullfrog is moderately wounded.
The bullfrog hits you.
You die...

#...................
####.#########......
#### ###.# ####..#####
#...# #...# ##....######
##..##.######...#.......
#.............<.........
##..#..####.############
##...####..# ##.JF@@..#
#..##K.## ##.. ..#
.K###..# .#.# #.# ....#
.. .# ... .# #[ #. ..


You could see a bullfrog, Terence, an ooze and a kobold.

Vanquished Creatures
  A worm (D:2)
  A dart slug (D:2)
  4 leopard geckos (D:1)
  6 bats
  A giant cockroach (D:1)
  12 hobgoblins
  A quokka (D:2)
  3 ball pythons
  2 frilled lizards (D:1)
  10 goblins
  7 kobolds
  7 rats
55 creatures vanquished.

Notes
Turn   | Place    | Note
-------+----------+-------------------------------------------
     0 | D:1      | Birdy the Ogre Fighter began the quest for the Orb.
     0 | D:1      | Reached XP level 1. HP: 24/24 MP: 1/1
   337 | D:1      | Reached XP level 2. HP: 23/32 MP: 2/2
   835 | D:1      | Reached XP level 3. HP: 30/40 MP: 3/3
  1067 | D:1      | Found a glowing golden altar of the Shining One.
  2105 | D:2      | Reached XP level 4. HP: 44/49 MP: 4/4
  2447 | D:3      | Noticed Terence
  2454 | D:3      | Noticed a bullfrog
  2465 | D:3      | Slain by a bullfrog

Levels and vault maps discovered:
D:1:      psy_arrival_radial02, layout_basic, tso_altar
D:2:      kennysheep_the_goblin_king, layout_rooms
D:3:      layout_rooms, first_ration, grunt_decor_clamped, uniq_terence

Skill      XL: |  1  2  3 |
---------------+----------+-----
Maces & Flails | 2 |  2.2
Dodging        | 3 |  3.2
Shields        | 3 |  3.2
Fighting       | |  4.6
Short Blades   | |  0.6

Action                   |  1- 3 |  4- 6 || total
-------------------------+-------+-------++-------
Melee: Club              |    52 |       ||    52
       Flail             |     7 |       ||     7
       Whip              |    54 |       ||    54
       Dagger            |    93 |    45 ||   138
  Use: Scroll            |     9 |     1 ||    10
       Potion            |       |     2 ||     2
  Eat: Ration            |     1 |       ||     1
       Chunk             |     1 |       ||     1
Armor: Robe              |    44 |     8 ||    52
Dodge: Dodged            |    62 |    15 ||    77
Block: Shield            |   105 |    34 ||   139

Table legend:
 A = Non-vault XP
 B = Vault XP
 C = Vault XP percentage of total XP
 D = Non-vault monster count
 E = Vault monster count
 F = Vault count percentage of total count
                 A         B        C        D         E       F
            +---------+---------+-------+---------+---------+-------
      Total |      83 |      13 |  13.5 |      48 |       7 |  12.7
            +---------+---------+-------+---------+---------+-------
        D:1 |      49 |       0 |   0.0 |      30 |       0 |   0.0
        D:2 |      32 |      13 |  28.9 |      17 |       7 |  29.2
        D:3 |       2 |       0 |   0.0 |       1 |       0 |   0.0
            +---------+---------+-------+---------+---------+-------
